AoeStats
← Pab10

Nomad

510035814Analyzed
4v4 RM · 4d ago on Sep 29, 2026· 49m 54s· 8 players
Game mode
Random Map
Map size
231×231
Population
200
Speed
Normal
Resources
Standard
Victory
Conquest
Starting age
Dark Age
Ending age
Imperial Age
RankedLock teamsTeams togetherTeam positionsShared explorationLock speedFull tech treeHidden civsTurbo modeCheats
Victory
Defeat
🇧🇷 Turks · Brazil
1447
+16
🇩🇪 Wei · Germany
1426
+17
🇺🇸 Maya · United States
1387
+18
🇹🇼 Malians · Taiwan
1356
+19
🇦🇷 Dravidians · Argentina
1549
-22
🇦🇷 Hindustanis · Argentina
1448
-18
🇳🇴 Shu · Norway
1421
-17
🇦🇷 Khitans · Argentina
1322
-13
"Real Friendly" new player
4:04 Loom
15:37 Feudal Age
16:22 Double-Bit Axe
16:46 Fishing Lines
19:28 Castle Age
18:08 Stone Mining
18:10 Gold Mining
21:10 Bow Saw
20:38 Eagle Warrior
22:00 Squires
21:52 Fletching
22:03 Padded Archer Armor
22:04 Scale Mail Armor
22:15 Forging
24:26 Stone Shaft Mining
24:08 Bodkin Arrow
27:15 Chain Mail Armor
27:29 Ballistics
27:44 Gillnets
30:56 Wheelbarrow
30:04 Horse Collar
31:43 Thumb Ring
31:55 Leather Archer Armor
36:39 Imperial Age
37:29 Iron Casting
37:23 Bracer
38:24 Chemistry
38:20 Conscription
38:47 Plate Mail Armor
37:58 Elite Skirmisher
39:11 Ring Archer Armor
40:12 Hand Cart
40:29 Heavy Plow
41:30 Two-Man Saw
41:14 Elite Eagle Warrior
42:54 Holcans
41:46 Elite Plumed Archer
43:13 Hul'che Javelineers
44:25 Blast Furnace
47:08 Coinage
hermelin*?
4:33 Loom
14:15 Feudal Age
16:23 Double-Bit Axe
19:01 Castle Age
16:55 Gold Mining
17:10 Horse Collar
21:04 Forging
21:26 Husbandry
21:56 Scale Barding Armor
21:57 Fishing Lines
22:56 Stone Mining
23:57 Town Watch
25:12 Fletching
29:28 Bloodlines
32:27 Iron Casting
32:13 Chain Barding Armor
37:40 Imperial Age
37:39 Squires
40:28 Conscription
41:26 Wheelbarrow
42:18 Blast Furnace
41:58 Bodkin Arrow
42:43 Elite Tiger Cavalry
44:26 Masonry
46:30 Ming Guang Armor
46:59 Pikeman
47:40 Scale Mail Armor
48:26 Bracer
48:07 Halberdier
l3av3x
5:18 Loom
14:50 Feudal Age
18:53 Castle Age
19:32 Double-Bit Axe
20:54 Padded Archer Armor
28:28 Bow Saw
29:17 Town Watch
31:19 Wheelbarrow
33:17 Hand Cart
32:55 Horse Collar
34:09 Stone Mining
37:51 Imperial Age
36:15 Leather Archer Armor
37:04 Scale Barding Armor
37:09 Forging
38:36 Bloodlines
38:26 Husbandry
38:29 Fletching
38:21 Heavy Camel Rider
39:19 Heavy Plow
41:05 Conscription
41:26 Elite Cannon Galleon
43:23 Two-Man Saw
43:19 Artillery
45:12 Masonry
46:10 Chain Barding Armor
45:46 Bodkin Arrow
47:37 Plate Barding Armor
47:38 Iron Casting
49:00 Bracer
49:32 Architecture
49:51 Medium Warships
LuLALa
4:14 Loom
15:54 Feudal Age
22:42 Castle Age
29:29 Horse Collar
33:20 Fletching
37:53 Wheelbarrow
37:41 Bodkin Arrow
41:36 Imperial Age
41:42 Padded Archer Armor
42:13 Double-Bit Axe
43:11 Leather Archer Armor
45:12 Ring Archer Armor
44:56 Elite Skirmisher
46:44 Scale Barding Armor
47:41 Conscription
48:02 Ballistics
49:39 Forging
51:03 Iron Casting
PNAL | Machete
5:56 Loom
16:46 Feudal Age
17:16 Arson
21:28 Castle Age
20:49 Gold Mining
20:46 Double-Bit Axe
20:44 Man-at-Arms
22:22 Bow Saw
22:17 Crossbowman
26:08 Fletching
27:03 Gold Shaft Mining
27:08 Thumb Ring
28:57 Bodkin Arrow
33:24 Wheelbarrow
35:00 Horse Collar
36:01 Hand Cart
40:42 Imperial Age
38:56 Town Watch
40:19 Heavy Plow
41:26 Arbalester
42:09 Bracer
42:36 Ballistics
43:17 Chemistry
43:23 Two-Man Saw
PNAL | ToroARG
15:02 Feudal Age
15:39 Double-Bit Axe
20:16 Forging
20:32 Scale Barding Armor
23:48 Castle Age
21:53 Loom
25:47 Bow Saw
33:20 Imperial Age
31:06 Gold Mining
35:15 Wheelbarrow
35:43 Two-Man Saw
39:57 Hand Cart
39:28 Town Watch
40:45 Conscription
43:59 Domestication
44:58 Treadmill Crane
46:17 Iron Casting
46:58 Chain Barding Armor
47:39 Husbandry
49:00 Light Cavalry
PNAL | ale_petro
5:17 Loom
13:44 Feudal Age
18:34 Forging
20:46 Castle Age
20:31 Bloodlines
20:47 Horse Collar
21:20 Scale Barding Armor
22:24 Iron Casting
22:01 Light Cavalry
22:41 Husbandry
24:36 Fishing Lines
32:12 Wheelbarrow
36:12 Chain Barding Armor
41:18 Imperial Age
43:48 Heavy Camel Rider
46:55 Plate Barding Armor
48:44 Imperial Camel Rider
Pab10
9:57 Loom
12:52 Feudal Age
13:44 Fishing Lines
16:41 Castle Age
15:06 Double-Bit Axe
15:02 Horse Collar
15:15 Horse Collar
17:02 Forging
16:47 Fletching
17:51 Medium Warships
18:01 Bow Saw
21:07 Heavy Plow
23:41 Wheelbarrow
24:05 Gold Mining
24:05 Stone Mining
25:51 Hand Cart
25:22 Town Watch
26:22 Gillnets
27:05 Bodkin Arrow
31:21 Imperial Age
30:18 Padded Archer Armor
31:41 Thumb Ring
31:43 Medical Corps
31:58 Leather Archer Armor
32:53 Ballistics
33:37 Chemistry
33:39 Guilds
34:36 Elite Elephant Archer
39:52 Husbandry
40:23 Ring Archer Armor
39:56 Bracer
40:30 Ring Archer Armor
42:13 Coinage
41:50 Murder Holes
42:06 Masonry
42:32 Fortified Wall
42:43 Bombard Tower
43:21 Conscription
43:58 Banking
48:50 Hoardings
Connection lost

Rejoining the realm…

Still unreachable

The connection could not be restored.

Session expired

The server has moved on; the page needs a fresh start.